 Dungeon Crawl Stone Soup version 0.15.1-3-g1b33baa (webtiles) character file.

97930 CrazyArbalest the Halfling Catapult (level 16, -2/81 (82) HPs)
             Began as a Halfling Fighter on Oct 6, 2014.
             Was the Champion of Makhleb.
             Shot with an arrow by a naga sharpshooter (16 damage)
             ... on Level 1 of the Snake Pit on Oct 7, 2014.
             The game lasted 05:11:22 (41673 turns).

CrazyArbalest the Halfling Catapult (HaFi)         Turns: 41673, Time: 05:11:23

HP  -2/81 (82)   AC 13     Str 16      XL: 16   Next: 71%
MP   0/19        EV 24     Int  7      God: Makhleb [******]
Gold 1758        SH 11     Dex 25      Spells:  0 memorised, 15 levels left

rFire  . . .     SeeInvis +     b - +9 greatsling (velocity)
rCold  . . .     Clarity  .     w - +3 leather armour {rPois}
rNeg   . . .     rCorr    .     P - +2 buckler
rPois  +         rRot     .     d - +0 helmet {SInv}
rElec  .         Spirit   +     k - +0 cloak
SustAb .         Warding  .     Z - +0 pair of gloves
rMut   .         Stasis   .     v - +0 pair of boots
Gourm  .                        x - amulet of guardian spirit
MR     +....                    p - +4 ring of dexterity
                                I - ring of regeneration

@: about to teleport, constricted, somewhat resistant to hostile enchantments,
fairly stealthy
A: frail 2, mutation resistance 1
a: Minor Destruction, Lesser Servant of Makhleb, Major Destruction, Greater
Servant of Makhleb, Renounce Religion


You were on level 1 of the Snake Pit.
You worshipped Makhleb.
Makhleb was exalted by your worship.
You were not hungry.

You visited 5 branches of the dungeon, and saw 29 of its levels.
You also visited: Labyrinth, Bailey and Ice Cave.

You collected 2936 gold pieces.
You spent 1178 gold pieces at shops.

Inventory:

Hand weapons
 a - a +2 dagger of speed
 b - a +9 greatsling of velocity (weapon)
 r - a +2 dagger of venom
Missiles
 i - 408 stones
 G - 68 sling bullets (quivered)
 N - 2 sling bullets of flame
 T - 4 poisoned sling bullets
 X - 53 silver sling bullets
Armour
 d - a +0 helmet of see invisible (worn)
 k - a +0 cloak (worn)
 v - a +0 pair of boots (worn)
 w - a +3 leather armour of poison resistance (worn)
 O - a +4 ring mail of fire resistance
 P - a +2 buckler (worn)
 Y - a +4 troll leather armour
 Z - a +0 pair of gloves (worn)
Magical devices
 D - a wand of disintegration (8)
 L - a wand of digging (14)
 W - a wand of fire (8)
Comestibles
 M - 37 fruits
Scrolls
 e - 3 scrolls of identify
 g - 2 scrolls of fog
 m - 2 scrolls of blinking
 q - 2 scrolls of fear
 u - 4 scrolls of magic mapping
 y - 8 scrolls of remove curse
 Q - 6 scrolls of teleportation
Jewellery
 f - an uncursed amulet of resist corrosion
 h - an uncursed ring of fire
 p - a +4 ring of dexterity (right hand)
 t - an uncursed ring of flight
 x - an amulet of guardian spirit (around neck)
 A - an uncursed amulet of clarity
 F - an uncursed amulet of stasis
 H - a +5 ring of intelligence
 I - a ring of regeneration (left hand)
Potions
 c - a potion of magic {unknown}
 j - 6 potions of curing


   Skills:
 * Level 7.1 Fighting
 * Level 9.9 Short Blades
 O Level 27 Slings
 + Level 9.5 Armour
 + Level 9.7 Dodging
 + Level 4.6 Stealth
 + Level 9.1 Shields
 + Level 1.5 Evocations


You had 15 spell levels left.
You didn't know any spells.

Dungeon Overview and Level Annotations

Branches:
Dungeon (15/15)            Temple (1/1) D:7             Orc (4/4) D:11
    Elf (0/3) Orc:3          Lair (8/8) D:10         Shoals (0/5) Lair:4
  Snake (1/5) Lair:3        Slime (0/6) Lair:6       Vaults (0/5) D:13
 Depths (0/5) D:15

Altars:
Ashenzari
Cheibriados
Dithmenos
Elyvilon
Fedhas
Kikubaaqudgha
Makhleb
Nemelex Xobeh
Okawaru
Qazlal
Sif Muna
Trog
Vehumet
Xom
Yredelemnul
Zin
The Shining One
Beogh

Shops:
D:4 (   D:7 [   D:12 *   D:13 =   Orc:4 ?**[   Snake:1 ?

Annotations:
D:4 CrazyArbalest's ghost, average HaFi


Innate Abilities, Weirdness & Mutations

You are small and have problems with some larger weapons.
You are somewhat resistant to further mutation.
You are very frail (-20% HP).


Message History

The anaconda constricts you. The black mamba misses you.
Read which item? (? for menu, Esc to quit)
As you read the scroll of fog, it crumbles to dust.
The scroll dissolves into smoke.
The anaconda closely misses you. The anaconda constricts you.
The black mamba completely misses you.
The naga sharpshooter shoots an arrow.
The arrow hits you.
* * * LOW HITPOINT WARNING * * *
The anaconda bites you.
* * * LOW HITPOINT WARNING * * *
The anaconda constricts you. You block the black mamba's attack.
Read which item? (? for menu, Esc to quit)
As you read the scroll of fear, it crumbles to dust.
You assume a fearsome visage.
The naga sharpshooter resists with almost no effort.
The naga looks frightened!
The anaconda resists.
The black mamba looks frightened!
The anaconda closely misses you.
* * * LOW HITPOINT WARNING * * *
The anaconda constricts you.
The naga sharpshooter shoots an arrow.
The arrow hits you!!
You die...

#.#........##
#.........#...
#..............
##.∩..........##
#............!..
#..............
##....§§§§..#.
#...#§§§§..##
##..#§§@S§.(#
#..##§§§)...#
#...#.(.S.(...
##..#...##((..
#..#?N.. .((
#.##....# N
#..... )......
##.


You could see a naga sharpshooter, an anaconda, a black mamba (fleeing) and a
naga (fleeing).

Vanquished Creatures
  Maud (Lair:6)
  Gastronok (Orc:3)
  A minotaur (Lab)
  A fire dragon (Lair:4)
  A vault guard (D:13)
  Harold (Lair:3)
  A naga warrior (Snake:1)
  4 hydras
  Erica (D:11)
  An anaconda (Snake:1)
  2 tengu warriors (D:14)
  4 death yaks
  The ghost of Kerbtree the Geomancer, a powerful NaEE of Sif Muna (D:11)
  The ghost of Thrillho the Covert, an experienced OpAs of Trog (D:12)
  An orc high priest (Orc:4)
  A naga sharpshooter (Snake:1)
  A catoblepas (Lair:6)
  An unseen horror (shapeshifter) (D:13)
  An unseen horror (D:11)
  Erolcha (D:11)
  A swamp dragon (shapeshifter) (D:15)
  A giant orange brain (D:15)
  2 naga ritualists (Snake:1)
  2 ice statues (IceCv)
  Pikel (D:5)
  4 orc knights
  5 orc sorcerers
  An oklob plant (Lair:8)
  3 mana vipers (Snake:1)
  7 ugly things
  4 black mambas
  2 hill giants (D:10)
  3 griffons
  12 elephants
  4 cyclopes
  Joseph (Orc:3)
  18 spiny frogs
  A naga mage (Snake:1)
  A gargoyle (D:14)
  Psyche (Orc:1)
  2 fire drakes (Lair:8)
  3 kobold demonologists
  2 tengu conjurers (D:15)
  2 hydra zombies
  6 komodo dragons
  A spriggan druid (Lair:6)
  8 trolls
  2 merfolk (Lair:4)
  5 giant leeches (Lair:8)
  Sonja (D:12)
  A polar bear (shapeshifter) (D:15)
  Prince Ribbit (D:4)
  3 polar bears
  8 ravens
  12 slime creatures
  A boulder beetle (Lair:7)
  18 blink frogs
  A basilisk (Lair:6)
  A tarantella (shapeshifter) (D:13)
  3 wyverns
  A human (shapeshifter) (D:15)
  46 yaks
  10 hippogriffs
  2 wraiths
  A deep elf fighter (D:10)
  3 hungry ghosts
  Grum (D:12)
  2 hill giant skeletons
  2 deep elf magi
  A golden eye (shapeshifter) (D:15)
  10 vampire mosquitoes
  4 nagas
  22 wolves
  A soldier ant (D:10)
  18 water moccasins
  6 wargs
  3 mottled dragons
  13 porcupines
  39 orc warriors
  8 ice beasts
  3 black bears
  11 centaurs
  2 phantoms (D:11)
  A manticore zombie (D:15)
  5 sky beasts
  A black bear (shapeshifter) (D:15)
  2 necrophages (D:11)
  14 ogres
  An orc skeleton (D:15)
  10 crocodiles
  A yellow wasp (D:11)
  Duvessa (D:5)
  4 big kobolds
  An earth elemental (Lab)
  43 giant frogs
  A wyvern skeleton (D:12)
  A gnoll sergeant (D:8)
  A cyclops zombie (D:15)
  4 scorpions
  A troll skeleton (Lab)
  5 wights
  3 electric eels
  2 goliath beetles (D:6)
  A hippogriff skeleton (D:5)
  16 jellies
  A tengu skeleton (D:11)
  2 crimson imps
  A centaur zombie (D:5)
  13 hounds
  A quasit (D:12)
  26 orc priests
  8 iguanas
  44 orc wizards
  3 centaur skeletons
  12 worker ants
  18 sheep
  Ijyb (D:5)
  A big kobold skeleton (D:8)
  An ogre skeleton (D:8)
  A mottled dragon skeleton (D:15)
  A hound skeleton (D:10)
  15 gnolls
  21 adders
  80 green rats
  7 shadow imps
  12 white imps (Lair:5)
  6 worms
  An adder skeleton (D:4)
  An adder zombie (D:5)
  An iguana skeleton (D:8)
  4 orc zombies
  4 giant geckos
  3 oozes
  193 orcs
  2 ball pythons (D:1)
  2 bat skeletons (D:7)
  A bat zombie (D:7)
  19 hobgoblins
  27 kobolds
  19 quokkas
  24 bats
  9 giant cockroaches
  9 giant newts
  19 goblins
  A goblin skeleton (D:5)
  10 jackals
  34 rats
  A rat skeleton (D:4)
  A bush (Lair:8)
  5 fungi
  13 plants
1188 creatures vanquished.

Vanquished Creatures (others)
  An orange demon (Lab)
  A ynoxinul (Lab)
  A slave (D:5)
  Dowan (D:5)
  An orc wizard (Orc:4)
  9 fungi
  15 plants
29 creatures vanquished.

Grand Total: 1217 creatures vanquished

Notes
Turn   | Place    | Note
--------------------------------------------------------------
     0 | D:1      | CrazyArbalest, the Halfling Fighter, began the quest for the Orb.
     0 | D:1      | Reached XP level 1. HP: 15/15 MP: 1/1
   193 | D:1      | Reached XP level 2. HP: 20/20 MP: 2/2
   889 | D:1      | Reached XP level 3. HP: 26/26 MP: 3/3
  1503 | D:2      | Reached XP level 4. HP: 16/31 MP: 4/4
  1610 | D:2      | Reached skill level 4 in Armour
  2531 | D:2      | Reached skill level 1 in Dodging
  2824 | D:3      | Found a white marble altar of Elyvilon.
  2971 | D:3      | Reached XP level 5. HP: 30/36 MP: 5/5
  3038 | D:3      | Found a stormy altar of Qazlal.
  3111 | D:3      | Reached skill level 1 in Slings
  3276 | D:3      | Found a snail-covered altar of Cheibriados.
  3695 | D:4      | Noticed Prince Ribbit
  3771 | D:4      | Noticed an ogre
  3969 | D:4      | Found Entat's Antique Weapon Shop.
  4227 | D:4      | Reached XP level 6. HP: 25/42 MP: 6/6
  4449 | D:4      | Noticed CrazyArbalest's ghost (average HaFi)
  4786 | D:4      | Killed an ogre
  5187 | D:5      | Entered Level 5 of the Dungeon
  5549 | D:5      | Found a radiant altar of Vehumet.
  5613 | D:5      | Got a slimy golden ring
  5714 | D:5      | Identified the ring of the Dragon {Ice Dex-4 Int+1 Curse} (You found it on level 5 of the Dungeon)
  6028 | D:5      | Reached XP level 7. HP: 36/47 MP: 7/7
  6157 | D:5      | Noticed a slave
  6157 | D:5      | Noticed a slave
  6158 | D:5      | Noticed a slave
  6159 | D:5      | Noticed Pikel
  6161 | D:5      | Noticed a slave
  6271 | D:5      | Reached skill level 5 in Armour
  6998 | D:5      | Noticed Dowan
  7001 | D:5      | Noticed Duvessa
  7033 | D:5      | Killed Duvessa
  7296 | D:5      | Reached skill level 1 in Evocations
  7296 | D:5      | Reached XP level 8. HP: 54/54 MP: 9/9
  7507 | D:5      | Killed Pikel
  7507 | D:5      | Reached skill level 5 in Short Blades
  7507 | D:5      | Reached skill level 5 in Slings
  7507 | D:5      | Reached skill level 5 in Shields
  7656 | D:5      | Noticed Ijyb
  7677 | D:5      | Killed Ijyb
  8030 | D:5      | Reached skill level 6 in Armour
  8057 | D:5      | Killed a freed slave
  8284 | D:6      | Reached XP level 9. HP: 38/59 MP: 10/10
  8788 | D:6      | Reached skill level 5 in Dodging
  9186 | D:6      | Reached skill level 7 in Slings
  9623 | D:6      | Reached skill level 8 in Slings
 10574 | D:5      | Killed Dowan
 10764 | D:7      | Found Thruruj's Armour Shoppe.
 10811 | D:7      | Reached skill level 9 in Slings
 10838 | D:7      | Found a staircase to the Ecumenical Temple.
 10849 | Temple   | Entered the Ecumenical Temple
 10961 | Temple   | Became a worshipper of Makhleb the Destroyer
 11246 | D:7      | Reached XP level 10. HP: 49/65 MP: 11/11
 11335 | D:7      | Acquired Makhleb's first power
 11866 | D:4      | Bought a glowing greatsling for 375 gold pieces
 11898 | D:4      | Killed Prince Ribbit
 11898 | D:4      | Reached skill level 10 in Slings
 11943 | D:4      | Reached skill level 5 in Fighting
 12455 | D:8      | Acquired Makhleb's second power
 12960 | D:8      | Reached skill level 11 in Slings
 13098 | D:8      | Found a radiant altar of Vehumet.
 13386 | D:8      | Acquired Makhleb's third power
 13464 | D:9      | Got a transparent robe
 13475 | D:9      | Identified the cursed +1 robe "Pleng" {+Inv rC+ Str+1} (You found it on level 9 of the Dungeon)
 13847 | D:9      | Found an ancient bone altar of Kikubaaqudgha.
 14027 | D:10     | Entered Level 10 of the Dungeon
 14118 | D:10     | Acquired Makhleb's fourth power
 14280 | D:10     | Found a staircase to the Lair.
 14283 | D:10     | Reached skill level 1 in Stealth
 14294 | Lair:1   | Entered Level 1 of the Lair of Beasts
 14353 | Lair:1   | Reached skill level 12 in Slings
 14362 | Lair:1   | Reached XP level 11. HP: 67/71 MP: 13/13
 14694 | Lair:1   | Reached skill level 13 in Slings
 14785 | Lair:1   | Acquired Makhleb's fifth power
 14997 | Lair:1   | Reached skill level 14 in Slings
 15490 | Lair:2   | Reached skill level 15 in Slings
 15629 | Lair:2   | Noticed an eight-headed hydra
 15635 | Lair:2   | Killed an eight-headed hydra
 15785 | Lair:2   | Reached skill level 16 in Slings
 15994 | Lair:2   | Reached XP level 12. HP: 77/77 MP: 14/14
 16545 | Lair:3   | Reached skill level 17 in Slings
 16637 | Lair:3   | Noticed Harold
 16644 | Lair:3   | Killed Harold
 17077 | Lair:3   | Reached skill level 18 in Slings
 17203 | Lair:3   | Found a staircase to the Snake Pit.
 19292 | Lair:4   | Noticed a fire dragon
 19309 | Lair:4   | Killed a fire dragon
 19594 | Lair:4   | Noticed a death yak
 19615 | Lair:4   | Killed a death yak
 19615 | Lair:4   | Reached skill level 19 in Slings
 19747 | Lair:4   | Found a staircase to the Shoals.
 20376 | Lair:5   | Found a frozen archway.
 20525 | IceCv    | Entered an ice cave
 20537 | IceCv    | Reached XP level 13. HP: 82/82 MP: 15/15
 21206 | Lair:5   | Reached skill level 20 in Slings
 22052 | Lair:6   | Reached skill level 21 in Slings
 22408 | Lair:6   | Found a staircase to the Slime Pits.
 22740 | Lair:6   | Noticed Maud
 22753 | Lair:6   | Killed Maud
 23360 | Lair:7   | Reached skill level 22 in Slings
 23563 | Lair:7   | Reached XP level 14. HP: 74/88 MP: 14/17
 24125 | Lair:8   | Entered Level 8 of the Lair of Beasts
 24331 | Lair:8   | Reached skill level 23 in Slings
 24883 | Lair:8   | Reached skill level 24 in Slings
 27059 | D:7      | Bought a +0 helmet of see invisible for 138 gold pieces
 27277 | D:10     | Reached XP level 15. HP: 94/94 MP: 18/18
 27532 | D:10     | Noticed a hill giant
 27537 | D:10     | Killed a hill giant
 27774 | D:10     | Reached skill level 25 in Slings
 28325 | D:11     | Noticed Erolcha
 28331 | D:11     | Killed Erolcha
 28368 | D:11     | Noticed Erica
 28378 | D:11     | Killed Erica
 28535 | D:11     | Noticed Kerbtree's ghost (powerful NaEE)
 28554 | D:11     | Killed Kerbtree's ghost
 29060 | D:11     | Found a staircase to the Orcish Mines.
 29587 | Orc:1    | Entered Level 1 of the Orcish Mines
 29972 | Orc:1    | Noticed Psyche
 29977 | Orc:1    | Killed Psyche
 30000 | Orc:1    | Found a roughly hewn altar of Beogh.
 30334 | Orc:2    | Found a flagged portal.
 30432 | Bailey   | Entered a bailey
 31574 | Orc:3    | Noticed Gastronok
 31606 | Orc:3    | Killed Gastronok
 31606 | Orc:3    | Reached skill level 26 in Slings
 31734 | Orc:3    | Found a staircase to the Elven Halls.
 32295 | Orc:3    | Noticed Joseph
 32299 | Orc:3    | Killed Joseph
 32973 | Orc:4    | Entered Level 4 of the Orcish Mines
 33291 | Orc:4    | Found Xecufei's General Store.
 33291 | Orc:4    | Found Qeorchell's Armour Shoppe.
 33297 | Orc:4    | Paralysed by an orc sorcerer for 4 turns
 33310 | Orc:4    | Paralysed by an orc sorcerer for 7 turns
 33586 | Orc:4    | Found Khigh's Magic Scroll Emporium.
 33587 | Orc:4    | Found Mnaogh's Assorted Antiques.
 33970 | Orc:4    | Bought a scroll of enchant armour for 105 gold pieces
 33970 | Orc:4    | Bought 3 scrolls of identify for 84 gold pieces
 33970 | Orc:4    | Bought a scroll of blinking for 105 gold pieces
 33970 | Orc:4    | Bought a scroll of teleportation for 42 gold pieces
 33970 | Orc:4    | Bought a scroll of magic mapping for 49 gold pieces
 33974 | Orc:4    | Bought a scroll of enchant weapon for 120 gold pieces
 34582 | D:12     | Found Qunucwou's General Store.
 34585 | D:12     | Noticed Grum
 34591 | D:12     | Killed Grum
 34626 | D:12     | Noticed Sonja
 34629 | D:12     | Killed Sonja
 34674 | D:12     | Found a labyrinth entrance.
 34679 | Lab      | Entered a labyrinth
 35296 | Lab      | Got a fine crystal plate armour
 35326 | Lab      | Identified the Reference Book on Hexes
 35329 | Lab      | Identified Istur's Disquisition on Earthen Dislocation
 35387 | Lab      | Got a faintly glowing dagger
 35391 | Lab      | Identified the cursed +0 dagger "Dragonbane" {distort, Dex-2 Int+2} (You found it in a labyrinth)
 35421 | Lab      | Identified the cursed +9 crystal plate armour of an ice cave {rN+ MR++ Int-4} (You took it off a minotaur in a labyrinth)
 35513 | Lab      | Gained mutation: You are frail (-10% HP). [mutagenic glow]
 35547 | Lab      | Gained mutation: You are very frail (-20% HP). [mutagenic glow]
 36533 | D:12     | Noticed Thrillho's ghost (experienced OpAs)
 36539 | D:12     | Killed Thrillho's ghost
 37075 | D:13     | Reached skill level 27 in Slings
 37130 | D:13     | Reached XP level 16. HP: 79/79 MP: 18/18
 37142 | D:13     | Found Khazoem's Jewellery Shoppe.
 37550 | D:13     | Identified a scroll of acquirement
 37934 | D:13     | Found a gate to the Vaults.
 39591 | D:15     | Entered Level 15 of the Dungeon
 39905 | D:15     | Found a deep blue altar of Sif Muna.
 40275 | D:15     | Found a staircase to the Depths.
 41377 | Snake:1  | Entered Level 1 of the Snake Pit
 41609 | Snake:1  | Found Unataki's Magic Scroll Boutique.
 41625 | Snake:1  | Bought a scroll of teleportation for 48 gold pieces
 41625 | Snake:1  | Bought a scroll of identify for 32 gold pieces
 41625 | Snake:1  | Bought a scroll of identify for 32 gold pieces
 41625 | Snake:1  | Bought a scroll of teleportation for 48 gold pieces
 41673 | Snake:1  | Shot with an arrow by a naga sharpshooter

Action                   |  1- 3 |  4- 6 |  7- 9 | 10-12 | 13-15 | 16-18 || total
-------------------------+-------+-------+-------+-------+-------+-------++-------
Melee: Cutlass           |   180 |   347 |   526 |   325 |   182 |       ||  1560
       Dagger            |       |       |       |       |       |     3 ||     3
 Fire: Hunting sling     |       |    16 |   180 |    26 |       |       ||   222
       Greatsling        |       |       |       |   670 |  1889 |   451 ||  3010
Throw: Stone             |       |       |       |    36 |     1 |       ||    37
Invok: Lesser Servant of |       |       |       |       |     2 |       ||     2
 Abil: Evoke Flight      |       |       |       |     2 |     5 |       ||     7
       Stop Flying       |       |       |       |     1 |     3 |       ||     4
Evoke: Wand              |       |     3 |    11 |     2 |    11 |     1 ||    28
  Use: Scroll            |       |     5 |     3 |    20 |    22 |     8 ||    58
       Potion            |       |       |     2 |       |       |     1 ||     3
 Stab: Confused          |       |       |     1 |       |       |       ||     1
       Sleeping          |       |       |       |       |       |     3 ||     3
  Eat: Chunk             |     2 |    11 |     4 |    23 |    36 |     8 ||    84
       Bread ration      |       |     1 |       |       |       |       ||     1
       Pizza             |       |       |     1 |       |     2 |       ||     3
       Meat ration       |       |       |     2 |       |       |       ||     2
       Fruit             |       |       |       |     5 |    13 |     6 ||    24
       Beef jerky        |       |       |       |       |     2 |     1 ||     3
